Map: Orbital Shipyard

Players

CMStormPolt (Polt)

  • Race: Terran Terran
  • League: Grandmaster

MinChul (MC) - Winner!

  • Race: Protoss Protoss

Event: Root's WW3

VOD

Have the link to the VOD?

Description

Time

  • Played on: Dec. 12, 2015, 7:27 a.m.
  • Length: 4:42

All games in this series

Show
View Real Time Build Order
Export as new Build Order

CMStormPolt Terran 

Build Orders: Reaper Expand 

Get SALT Encoding   

  12  0:00  SCV  
  13  0:12  SCV  
  14  0:17  Supply Depot  
  14  0:24  SCV  
  15  0:39  SCV, Barracks  
  16  0:44  Refinery  
  16  0:51  SCV  
  17  1:03  SCV  
  18  1:15  SCV  
  19  1:27  Reaper, Orbital Command  
  20  1:38  Command Center  
  20  1:53  SCV  
  21  1:56  Supply Depot  
  21  1:59  Barracks Reactor  
  21  2:05  SCV  
  21  2:07  Barracks  
  22  2:17  SCV  
  22  2:20  Bunker  
  22  2:22  Factory  
  23  2:29  SCV  
  24  2:37  Marine  
  24  2:38  Marine  
  24  2:41  SCV  
  24  2:42  Engineering Bay  
  27  2:49  Refinery  
  27  2:57  Marine x2  
  29  2:58  Barracks Tech Lab  
  28  3:10  Orbital Command  
  27  3:19  Marine x2  
  28  3:33  SCV  
  29  3:37  Supply Depot  
  23  3:49  Marine x3  
  23  3:50  Cyclone  
  23  3:51  SCV  
  30  4:02  SCV  
  30  4:04  SCV  
  30  4:07  Marine x2  
Show
View Real Time Build Order
Export as new Build Order

MinChul Protoss - Winner!

Build Orders: Oracle Opening, Mass Adepts 

Get SALT Encoding   

  12  0:00  Probe (Chrono Boost)  
  13  0:11  Probe (Chrono Boost)  
  14  0:18  Pylon  
  14  0:22  Probe (Chrono Boost)  
  15  0:36  Probe (Chrono Boost)  
  15  0:37  Gateway  
  16  0:46  Assimilator  
  16  0:47  Probe (Chrono Boost)  
  17  0:53  Assimilator  
  17  0:57  Probe (Chrono Boost)  
  18  1:05  Pylon  
  18  1:08  Probe (Chrono Boost)  
  20  1:18  Probe (Chrono Boost)  
  20  1:24  Cybernetics Core  
  20  1:29  Probe (Chrono Boost)  
  21  1:39  Probe (Chrono Boost)  
  22  1:45  Pylon  
  22  1:51  Probe (Chrono Boost)  
  23  2:01  Adept (Chrono Boost), Warp Gate (Chrono Boost)  
  25  2:02  Mothership Core (Chrono Boost)  
  27  2:16  Stargate  
  27  2:19  Gateway  
  27  2:27  Adept (Chrono Boost)  
  29  2:48  Pylon x2  
  29  2:52  Pylon  
  29  3:03  Oracle (Chrono Boost)  
  31  3:15  Adept x2  
  35  3:32  Gateway x2  
  33  3:37  Oracle (Chrono Boost)  
  33  4:06  Adept x2  
  34  4:32  Adept x4  
Tags
 
Add a new tag
Caveats
  • Supply blocks, unpowered buildings, or Contaminate may cause inaccurate times.
  • Supply counts are checked every 10 seconds.